 Dungeon Crawl Stone Soup version 0.24-a0-512-g2b48af375b (webtiles) character file.

Game seed: 2504033486247458697

26 Froggeryz the Charmwright (level 3, 0/46 HPs)
             Began as a Gnoll Skald on July 20, 2019.
             Succumbed to an adder's poison
             ... on level 2 of the Dungeon.
             The game lasted 00:01:02 (652 turns).

Froggeryz the Charmwright (Gnoll Skald)              Turns: 652, Time: 00:01:03

Health: 0/46       AC: 21    Str: 13    XL:     3   Next: 8%
Magic:  8/9        EV:  2    Int: 15    God:
Gold:   26         SH:  0    Dex: 15    Spells: 11/12 levels left

rFire    + . .     SeeInvis .   a - +0 hand axe
rCold    + . .     Gourm    .   (no shield)
rNeg     + + +     Faith    .   (armour currently unavailable)
rPois    +         Spirit   .   (helmet currently unavailable)
rElec    +         Reflect  .   (cloak currently unavailable)
rCorr    +         Harm     .   (gloves currently unavailable)
MR       .....     NoTele   +   (boots currently unavailable)
Stlth    ++........             (no amulet)
HPRegen  0.15/turn              (no ring)
MPRegen  0.11/turn              (no ring)

@: lethally poisoned (0 -> -1), tree-form, resistant
A: distributed training, strong nose
a: no special abilities


You were on level 2 of the Dungeon.
You were not hungry.
You were a tree.
You visited 1 branch of the dungeon, and saw 2 of its levels.

You collected 26 gold pieces.

Inventory:

Hand Weapons
 a - a +0 hand axe (weapon)
Missiles
 l - 7 boomerangs (quivered)
Armour
 b - a +0 leather armour (melded)
 j - a scarf of resistance (melded)
Jewellery
 h - an uncursed ring of protection from fire {unknown}
Scrolls
 c - a scroll of fear {unknown}
 e - a scroll of fog {unknown}
 g - a scroll of enchant weapon {unknown}
 i - 4 scrolls of identify {unknown}
 m - a scroll of amnesia {unknown}
Comestibles
 d - 3 rations


   Skills:
 + Level 4.5 Fighting
 + Level 0.6 Short Blades
 + Level 0.6 Long Blades
 + Level 4.5 Axes
 + Level 0.6 Maces & Flails
 + Level 0.6 Polearms
 + Level 0.6 Staves
 + Level 0.6 Slings
 + Level 0.6 Bows
 + Level 0.6 Crossbows
 + Level 0.6 Throwing
 + Level 2.5 Armour
 + Level 4.5 Dodging
 + Level 0.6 Stealth
 + Level 0.6 Shields
 + Level 0.6 Unarmed Combat
 + Level 5.0 Spellcasting
 + Level 0.4 Conjurations
 + Level 0.4 Hexes
 + Level 5.4 Charms
 + Level 0.4 Summonings
 + Level 0.4 Necromancy
 + Level 0.4 Translocations
 + Level 0.4 Transmutations
 + Level 0.4 Fire Magic
 + Level 0.4 Ice Magic
 + Level 0.4 Air Magic
 + Level 0.4 Earth Magic
 + Level 0.4 Poison Magic
 + Level 0.8 Invocations
 + Level 0.6 Evocations


You had 11 spell levels left.
You knew the following spells:

 Your Spells              Type           Power        Failure   Level  Hunger
a - Infusion              Chrm           ###.         1%          1    None

Your spell library contained the following spells:

 Spells                   Type           Power        Failure   Level  Hunger
 Song of Slaying          Chrm           ###.....     2%          2    ##.....
 Shroud of Golubria       Chrm/Tloc      ##....       8%          2    ##.....
 Regeneration             Chrm/Necr      ##........   14%         3    ###....
 Spectral Weapon          Hex/Chrm       ##......     14%         3    ###....


Dungeon Overview and Level Annotations

Branches:
Dungeon (2/15)

Altars:


Innate Abilities, Weirdness & Mutations

Your experience applies equally to all skills.
((You have very sharp teeth.))
Your uncanny sense of smell can sniff out nearby items.


Message History

Your Spellcasting skill increases to level 5!
You have reached level 3!
Your experience leads to an increase in your attributes!
Increase (S)trength, (I)ntelligence, or (D)exterity?
You feel agile.
* * * LOW HITPOINT WARNING * * *
You feel sick.
It was a potion of lignification.
You turn into a tree.
Your scarf of resistance melds into your body.
Your +0 leather armour melds into your body.
You feel hot and cold all over.
Your roots penetrate the ground.
It was a potion of resistance.
You feel protected.
* * * LOW HITPOINT WARNING * * *
You feel sick.
* * * LOW HITPOINT WARNING * * *
You feel sick.
* * * LOW HITPOINT WARNING * * *
You feel sick.
You die...

....#### ∆∆∆
####(#..... ∆∆∆
#......# ∆ ∆
#..<...#
####.### #.#
##########.#
#.#..........##
#...†♣.......#
#....#######.#
.....## .# ####
.# .# .# ># #.


There were no monsters in sight!

Vanquished Creatures
  An adder (D:2)
  A leopard gecko (D:1)
  2 ball pythons (D:1)
  2 goblins (D:1)
  A hobgoblin (D:1)
  2 jackals (D:1)
  A bat (D:1)
  2 frilled lizards (D:1)
  5 rats (D:1)
17 creatures vanquished.

Notes
Turn   | Place    | Note
-------+----------+-------------------------------------------
     0 | D:1      | Froggeryz the Gnoll Skald began the quest for the Orb.
     0 | D:1      | Reached XP level 1. HP: 20/20 MP: 6/6
   238 | D:1      | Reached XP level 2. HP: 25/26 MP: 7/7
   638 | D:2      | Reached skill level 5 in Spellcasting
   638 | D:2      | Reached XP level 3. HP: 2/31 MP: 7/9
   638 | D:2      | HP: 1/31 [poisoned by an adder]
   644 | D:2      | HP: 1/46 [poisoned by an adder]
   652 | D:2      | Succumbed to an adder's poison

Levels and vault maps discovered:
D:1:      wander_arrival_fairy_ring, layout_rooms
D:2:      layout_loops_ring, nicolae_overflow_crystal_walls, first_ration,
          serial_bayou_pond_b, uniq_terence, uniq_crazy_yiuf_cottage

Skill      XL: |  1  2 |
---------------+-------+-----
Spellcasting   | 5 |  5.0
Fighting       | |  4.5
Short Blades   | |  0.6
Long Blades    | |  0.6
Axes           | |  4.5
Maces & Flails | |  0.6
Polearms       | |  0.6
Staves         | |  0.6
Slings         | |  0.6
Bows           | |  0.6
Crossbows      | |  0.6
Throwing       | |  0.6
Armour         | |  2.5
Dodging        | |  4.5
Stealth        | |  0.6
Shields        | |  0.6
Unarmed Combat | |  0.6
Conjurations   | |  0.4
Hexes          | |  0.4
Charms         | |  5.4
Summonings     | |  0.4
Necromancy     | |  0.4
Translocations | |  0.4
Transmutations | |  0.4
Fire Magic     | |  0.4
Ice Magic      | |  0.4
Air Magic      | |  0.4
Earth Magic    | |  0.4
Poison Magic   | |  0.4
Invocations    | |  0.8
Evocations     | |  0.6

Action                   || total
-------------------------++-------
Melee: Hand axe          ||    56
       Bite              ||     3
  Use: Potion            ||     2
Armor: Leather armour    ||    22
Dodge: Dodged            ||    37

Table legend:
 A = Non-vault XP
 B = Vault XP
 C = Vault XP percentage of total XP
 D = Non-vault monster count
 E = Vault monster count
 F = Vault count percentage of total count
                 A         B        C        D         E       F
            +---------+---------+-------+---------+---------+-------
      Total |      38 |       0 |   0.0 |      17 |       0 |   0.0
            +---------+---------+-------+---------+---------+-------
        D:1 |      24 |       0 |   0.0 |      16 |       0 |   0.0
        D:2 |      14 |       0 |   0.0 |       1 |       0 |   0.0
            +---------+---------+-------+---------+---------+-------
